 Dungeon Crawl Stone Soup version 0.30-a0-166-g5d06c95188 (webtiles) character file.

Game seed: 6162688986266361708

80 qw the Chopper (level 4, -1/28 HPs)
             Began as a Gargoyle Fighter on Sept 28, 2022.
             Slain by a gnoll
             ... wielding a +0 halberd
              (7 damage)
             ... on level 2 of the Dungeon.
             The game lasted 00:00:41 (1651 turns).

qw the Chopper (Gargoyle Fighter)                   Turns: 1651, Time: 00:00:41

Health: -1/28      AC: 10    Str: 22    XL:     4   Next: 39%
Magic:  4/4        EV:  9    Int:  8    God:
Gold:   74         SH:  4    Dex:  9    Spells: 3/3 levels left

rFire   . . .      SeeInvis .    Y - +0 war axe
rCold   . . .      Faith    .    c - +0 buckler
rNeg    + . .      Spirit   .    b - +0 scale mail
rPois   inf        Reflect  .    (no helmet)
rElec   +          Harm     .    (no cloak)
rCorr   .          Rampage  .    (no gloves)
Will    .....                    (no boots)
Stlth   ..........               e - amulet of regeneration
HPRegen 0.89/turn                (no ring)
MPRegen 0.09/turn                (no ring)

@: no status effects
A: sickness immunity, AC +3, negative energy resistance 1, electricity
resistance, torment resistance 1, petrification resistance
a: no special abilities


You were on level 2 of the Dungeon.
You visited 1 branch of the dungeon, and saw 2 of its levels.

You collected 74 gold pieces.


Innate Abilities, Weirdness & Mutations

You are immune to sickness and miasma.
Your stone body is resilient. (AC +3)
You are immune to poison.
You resist negative energy. (rN+)
You are resistant to electric shocks. (rElec)
You are resistant to unholy torment.
You are immune to petrification.


   Skills:
 - Level 3.2 Fighting
 + Level 4.1 Axes
 - Level 3.2 Armour
 - Level 3.2 Shields


You had 3 spell levels left.
You didn't know any spells.
Your spell library was empty.

Inventory:

Hand Weapons
 o - a +0 whip
 Y - a +0 war axe (weapon)
Armour
 b - a +0 scale mail (worn)
 c - a +0 buckler (worn)
Jewellery
 e - an amulet of regeneration (around neck)
Scrolls
 k - 2 scrolls of teleportation {unknown}
 l - 2 scrolls of identify
Potions
 a - 2 potions of berserk rage {unknown}
 d - a potion of might
 g - a potion of attraction {unknown}
 h - a potion of cancellation {unknown}
 i - 3 potions of curing {unknown}
 j - a potion of haste {unknown}
 m - 2 potions of degeneration {unknown}
 n - a potion of flight {unknown}

Dungeon Overview and Level Annotations

Branches:
Dungeon (2/15)

Altars:
Sif Muna

Shops:
D:2 (


Message History

The endoplasm hits you but does no damage.
You slash the endoplasm!
You kill the endoplasm!
You closely miss the rat. You block the rat's attack.
You hit the rat but do no damage. The rat closely misses you.
You slash the rat!
You kill the rat!
A kobold is nearby!
1616 ||| Stepping ~*~*~tactically~*~*~ (stealth).
n - a bubbling brown potion
1618 ||| Stepping ~*~*~tactically~*~*~ (stealth).
1619 ||| Stepping ~*~*~tactically~*~*~ (stealth).
The kobold shouts!
You see here a viscous cyan potion.
A kobold is nearby!
You slash the kobold!
You kill the kobold!
m - 2 viscous cyan potions (gained 1)
o - a +0 whip You see here a kobold corpse.
1631 ||| DROPPING +0 club.
You drop a +0 club.
You see here a quokka corpse. 3 gnolls come into view.
The gnoll shouts! x3; You hear a shout!
A gnoll comes into view. It is wielding a +0 halberd.
1646 ||| Stepping ~*~*~tactically~*~*~ (hiding).
The gnoll closely misses you. x2
You barely miss the gnoll. You block the gnoll's attack.
The gnoll hits you from afar with a +0 halberd.
You barely miss the gnoll.
The gnoll hits you but does no damage. x2
The gnoll hits you from afar with a +0 halberd.
The gnoll hits you with a +0 flail!
You barely miss the gnoll. The gnoll hits you with a +0 flail!
The gnoll hits you from afar with a +0 halberd!
You die...

####.#.....#
#........
.......###.#
#........
.##....###.#
#........
.####......#
#........
.#)(########
#........
.#.#.#.####
#...%....
.#...#..#.####
####%####
.#.#...#...#.#######
#...##
...).#...#......@g.#
###.##
.#.#...#...#.#####g#
#.## .#.%.#..#.####
.. #... .#)#.#.####
... #### %#..####..
... ######
.####..... .. +.....
.......# . #####.
..###### #. ..# ##.


You could see 2 gnolls.

Vanquished Creatures
  2 adders (D:2)
  6 ball pythons
  6 endoplasms
  A giant cockroach (D:1)
  5 goblins
  4 hobgoblins
  9 jackals (D:1)
  2 kobolds (D:2)
  4 quokkas (D:2)
  3 bats
  12 frilled lizards (D:2)
  3 rats (D:2)
57 creatures vanquished.

Vanquished Creatures (others)
  7 plants (D:2)
7 creatures vanquished.

Grand Total: 64 creatures vanquished

Notes
Turn   | Place    | Note
-------+----------+-------------------------------------------
     0 | D:1      | qw the Gargoyle Fighter began the quest for the Orb.
     0 | D:1      | Reached XP level 1. HP: 14/14 MP: 1/1
     0 | D:1      | 0 ||| qw: Version: 0.2-a-12-gaebbb33
     0 | D:1      | 0 ||| qw: Game counter: 946
     0 | D:1      | 0 ||| qw: Always use a shield: true
     0 | D:1      | 0 ||| qw: God list: Okawaru
     0 | D:1      | 0 ||| qw: Allow faded altars: false
     0 | D:1      | 0 ||| qw: Do Orc after D:15 true
     0 | D:1      | 0 ||| qw: Do second Lair branch before Depths: true
     0 | D:1      | 0 ||| qw: Lair rune preference: random
     0 | D:1      | 0 ||| qw: Plans: Normal, Zot:1-4, God:TSO, Crypt, Tomb,
                  | Pan, Slime:5, Hells, Abyss, Orb
     0 | D:1      | 0 ||| PLANNING D:1-11
    25 | D:1      | Reached skill level 2 in Axes
    28 | D:1      | Reached XP level 2. HP: 18/19 MP: 2/2
   288 | D:1      | Found a faded altar of an unknown god.
   571 | D:1      | 571 ||| Stepping ~*~*~tactically~*~*~ (stealth).
   582 | D:1      | Reached skill level 3 in Axes
   794 | D:1      | Reached XP level 3. HP: 22/23 MP: 3/3
  1068 | D:1      | 1068 ||| UPGRADING to amulet of regeneration.
  1073 | D:1      | 1073 ||| READING scroll labelled EHEQAI ECZAAVO.
  1100 | D:2      | Found a shimmering blue altar of Sif Muna.
  1206 | D:2      | Found Atosheo's Antique Weapon Emporium.
  1419 | D:2      | Reached XP level 4. HP: 28/28 MP: 4/4
  1431 | D:2      | 1431 ||| Stepping ~*~*~tactically~*~*~ (stealth).
  1528 | D:2      | Reached skill level 4 in Axes
  1596 | D:2      | 1596 ||| Stepping ~*~*~tactically~*~*~ (stealth).
  1603 | D:2      | 1603 ||| Stepping ~*~*~tactically~*~*~ (stealth).
  1609 | D:2      | 1609 ||| Stepping ~*~*~tactically~*~*~ (stealth).
  1616 | D:2      | 1616 ||| Stepping ~*~*~tactically~*~*~ (stealth).
  1618 | D:2      | 1618 ||| Stepping ~*~*~tactically~*~*~ (stealth).
  1619 | D:2      | 1619 ||| Stepping ~*~*~tactically~*~*~ (stealth).
  1631 | D:2      | 1631 ||| DROPPING +0 club.
  1646 | D:2      | 1646 ||| Stepping ~*~*~tactically~*~*~ (hiding).
  1651 | D:2      | HP: 6/28 [gnoll/+0 flail (11)]
  1651 | D:2      | Slain by a gnoll

Levels and vault maps discovered:
D:1:      dpeg_arrival_stonehenge_8_columns, layout_basic,
          shapermc_ecumenical_altar_ellora, dreamdust_mushroom_princess
D:2:      minmay_spotlight, layout_basic, basic_altar, serial_shops,
          nicolae_square_shop, nicolae_kite_square_tiling_tiny,
          minmay_lizard_king

Skill      XL: |  1  2  3  4 |
---------------+-------------+-----
Axes           | 2 3 4 |  4.1
Fighting       | |  3.2
Armour         | |  3.2
Shields        | |  3.2

Action                   |  1- 3 |  4- 6 || total
-------------------------+-------+-------++-------
Melee: War axe           |   110 |    43 ||   153
  Use: Scroll            |     1 |       ||     1
Armor: Scale mail        |    62 |    24 ||    86
Dodge: Dodged            |    74 |    17 ||    91
Block: Buckler           |    25 |    11 ||    36

Table legend:
 A = Non-vault XP
 B = Vault XP
 C = Vault XP percentage of total XP
 D = Non-vault monster count
 E = Vault monster count
 F = Vault count percentage of total count
                 A         B        C        D         E       F
            +---------+---------+-------+---------+---------+-------
      Total |      97 |      18 |  15.7 |      43 |      14 |  24.6
            +---------+---------+-------+---------+---------+-------
        D:1 |      41 |       0 |   0.0 |      22 |       0 |   0.0
        D:2 |      56 |      18 |  24.3 |      21 |      14 |  40.0
            +---------+---------+-------+---------+---------+-------
